 Dungeon Crawl Stone Soup version 0.28.0-47-ge53b351184 (webtiles) character file.

Game seed: 5988851504119320926

27 Cak3Hol3 the Grave Robber (level 2, 0/15 HPs)
             Began as a Deep Elf Necromancer on May 4, 2022.
             Succumbed to an adder's poison
             ... on level 2 of the Dungeon.
             The game lasted 00:07:52 (1257 turns).

Cak3Hol3 the Grave Robber (Deep Elf Necromancer)    Turns: 1257, Time: 00:07:53

Health: 0/15       AC:  2    Str:  5    XL:     2   Next: 93%
Magic:  5/8        EV: 12    Int: 19    God:
Gold:   68         SH:  3    Dex: 15    Spells: 6/8 levels left

rFire   . . .      SeeInvis .   c - +0 club
rCold   . . .      Faith    .   e - +0 buckler
rNeg    . . .      Spirit   .   a - +0 robe
rPois   .          Reflect  .   (no helmet)
rElec   .          Harm     .   (no cloak)
rCorr   .          Rampage  .   (no gloves)
Will    .....                   (no boots)
Stlth   ++........              (no amulet)
HPRegen 0.05/turn               (no ring)
MPRegen 0.11/turn               (no ring)

@: lethally poisoned (0 -> -2)
A: no striking features
a: no special abilities


You were on level 2 of the Dungeon.
You visited 1 branch of the dungeon, and saw 2 of its levels.

You collected 68 gold pieces.

Inventory:

Hand Weapons
 c - a +0 club (weapon)
Missiles
 d - 31 bolts
 f - 22 sling bullets
Armour
 a - a +0 robe (worn)
 b - a +0 chain mail
 e - a +0 buckler (worn)
Potions
 g - 2 potions of brilliance {unknown}


   Skills:
 + Level 2.5 Dodging
 + Level 2.5 Stealth
 + Level 3.5 Spellcasting
 + Level 5.6 Necromancy


You had 6 spell levels left.
You knew the following spells:

 Your Spells              Type           Power      Damage    Failure   Level
a - Pain                  Necr           96%        1d8       1%          1
b - Animate Skeleton      Necr           48%        N/A       1%          1

Your spell library contained the following spells:

 Spells                   Type           Power      Damage    Failure   Level
 Vampiric Draining        Necr           24%        2d7       6%          3
 Animate Dead             Necr           12%        N/A       19%         4
 Agony                    Necr           24%        N/A       47%         5
 Gell's Gravitas          Tloc           3%         N/A       52%         3
 Teleport Other           Tloc           3%         N/A       52%         3
 Dispersal                Tloc           1%         N/A       100%        6


Dungeon Overview and Level Annotations

Branches:
Dungeon (2/15)

Altars:


Message History

There is an escape hatch in the floor here.
The bat barely misses you.
You closely miss the bat. The bat hits you.
The bat hits you but does no damage.
The kobold shouts!
The bat hits you but does no damage.
Your kobold skeleton hits the bat with a +0 dagger.
The bat dies!
Casting: Animate Skeleton (safe; 1% risk of failure)
Press: ? - help, Q - select action, (/) - cycle Dir - look around, f - activate You attempt to give life to the dead...
Before your eyes, flesh is ripped from the corpse!
The dead are flying!
The kobold throws a stone.
The stone completely misses you.
A goblin comes into view. It is wielding a +0 dagger.
Your bat skeleton hits the adder. x2
Your bat skeleton barely misses the adder.
The goblin moves out of view.
Your bat skeleton completely misses the adder.
Your kobold skeleton crumbles into dust!
Your bat skeleton closely misses the adder. x2
The kobold throws a stone.
The stone hits your bat skeleton. The adder bites you.
You are poisoned.
The adder poisons you!
You feel sick.
Your bat skeleton closely misses the adder.
Your bat skeleton hits the adder.
You feel sick.
The kobold throws a stone.
The stone hits your hobgoblin skeleton.
You feel sick. The adder bites you.
* * * LOW HITPOINT WARNING * * *
* * * LOW HITPOINT WARNING * * *
You feel sick.
Okay, then.
Aiming: Pain (safe; 1% risk of failure)
Press: ? - help, Q - select action, (/) - cycle Shift-Dir - straight line, f - adder
Aim: an adder (moderately wounded, chance to affect: 88%)
The adder writhes in agony.
You die...

#...# ...
#####...####.# ..
.#............#...
.......<(.........
.#.<.....K....#..
###.#...#Z##.....
#.#...#.# #...
#.#...#Z# #.
#.#..@#.# #.....S.#
#.......# #.##.##.#
#.##...... #######
#>#####.#.# #.#
#.....###.#####.#.#
..#
#.....#..........
#. #..
#.....Z.#######.#
.# #.#


You could see an adder and a kobold.

Vanquished Creatures
  2 ball pythons (D:1)
  4 endoplasms
  3 giant cockroaches
  2 goblins (D:1)
  A hobgoblin (D:2)
  3 bats
  4 frilled lizards (D:1)
  3 kobolds
  2 rats (D:1)
24 creatures vanquished.

Vanquished Creatures (collateral kills)
  A bat (D:2)
1 creature vanquished.

Grand Total: 25 creatures vanquished

Notes
Turn   | Place    | Note
-------+----------+-------------------------------------------
     0 | D:1      | Cak3Hol3 the Deep Elf Necromancer began the quest for the
                  | Orb.
     0 | D:1      | Reached XP level 1. HP: 10/10 MP: 6/6
     2 | D:1      | Learned a level 1 spell: Animate Skeleton
   240 | D:1      | Reached skill level 5 in Necromancy
   418 | D:1      | Reached XP level 2. HP: 11/15 MP: 4/8
   675 | D:1      | Found a faded altar of an unknown god.
  1257 | D:2      | Succumbed to an adder's poison

Illustrated notes

Levels and vault maps discovered:
D:1:      minmay_arrival_widening_spiral_wide, layout_basic,
          ebering_ecumenical_altar_rust
D:2:      layout_loops_cross, basic_altar, uniq_jessica, uniq_robin

Skill      XL: |  1 |
---------------+----+-----
Necromancy     | 5 |  5.6
Dodging        | |  2.5
Stealth        | |  2.5
Spellcasting   | |  3.5

Action                   || total
-------------------------++-------
Melee: Club              ||     7
 Cast: Pain              ||    33
       Animate Skeleton  ||     4
 Stab: Sleeping          ||     1
Armor: Robe              ||     3
Dodge: Dodged            ||     7
Block: Buckler           ||     2
